 Dungeon Crawl Stone Soup version 0.18.1-8-gdd0e5ea (webtiles) character file.

157609 Mefis the Nimble (level 17, -6/80 HPs)
             Began as a Deep Elf Wizard on May 23, 2016.
             Was a High Priest of Sif Muna.
             Mangled by a shock serpent (13 damage)
             ... on level 2 of the Snake Pit.
             The game lasted 05:15:33 (60839 turns).

Mefis the Nimble (Deep Elf Wizard)                 Turns: 60839, Time: 05:15:35

Health: -6/80      AC: 12    Str:  5    XL:     17   Next: 12%
Magic:  3/35       EV: 18    Int: 34    God:    Sif Muna [*****.]
Gold:   1364       SH:  8    Dex: 11    Spells: 9 memorised, 0 levels left

rFire  . . .     SeeInvis .     a - +3 iron rod (10/16)
rCold  . . .     Gourm    .     y - +2 robe {MR+}
rNeg   . . .     Faith    .     K - +0 buckler
rPois  +         Spirit   .     I - +0 helmet
rElec  .         Dismiss  .     Z - +2 cloak {rPois}
rCorr  .         Reflect  +     h - +0 pair of gloves
SustAt .         Harm     .     (no boots)
MR     ++...     Rnd*Tele +     v - +3 amulet of reflection
Stlth  ++++......               o - +2 ring of intelligence
                                P - ring of wizardry

@: very resistant to hostile enchantments, stealthy
A: claws 1, hooves 1, iridescent scales 1, clever 1, clumsy 1, deformed body,
teleportitis 1, wild magic 1, MP-powered wands
a: Channel Energy, Forget Spell, Renounce Religion


You were on level 2 of the Snake Pit.
You worshipped Sif Muna.
Sif Muna was extremely pleased with you.
You were near starving.

You visited 5 branches of the dungeon, and saw 28 of its levels.
You also visited: Volcano.

You collected 3478 gold pieces.
You spent 2114 gold pieces at shops.

Inventory:

Armour
 h - a +0 pair of gloves (worn)
 y - a +2 robe of magic resistance (worn)
 I - a +0 helmet (worn)
 K - a +0 buckler (worn)
 Y - a +2 troll leather armour
 Z - a +2 cloak of poison resistance (worn)
Magical Staves
 b - an uncursed staff of wizardry
 k - an uncursed staff of death
Rods
 a - a +3 iron rod (10/16) (in hand)
   (You found it on level 4 of the Dungeon)
Jewellery
 d - a +2 ring of dexterity
 o - a +2 ring of intelligence (right hand)
 t - an uncursed ring of protection from fire
 v - a +3 amulet of reflection (around neck)
 D - an uncursed ring of positive energy
 P - a ring of wizardry (left hand)
Wands
 c - a wand of confusion (26/48)
 f - a wand of digging (24/24)
 C - a wand of iceblast (5/15)
 E - a wand of teleportation (4/9)
 J - a wand of polymorph (15/24)
Scrolls
 e - 4 scrolls of immolation
 g - a scroll of recharging
 i - a scroll of blinking
 j - a scroll of silence {unknown}
 p - 4 scrolls of magic mapping
 s - 8 scrolls of remove curse
 B - a scroll of amnesia
 X - 2 scrolls of teleportation
Potions
 l - a potion of magic
 q - a potion of haste
 u - 5 potions of agility
 w - a potion of cancellation
 x - a potion of lignification {unknown}
 z - 10 potions of curing
 A - a potion of berserk rage
 F - a potion of might
 H - a potion of flight {unknown}
 L - 2 potions of brilliance
 W - a potion of ambrosia
Books
 m - Sif Muna's Handbook of Damaging Heat
   (Sif Muna gifted it to you on level 2 of the Snake Pit)

   Spells                             Type                      Level
   a - Throw Icicle                   Conjuration/Ice              4
   b - Irradiate                      Conjuration/Transmutation    5
   c - Venom Bolt                     Conjuration/Poison           5
   d - Bolt of Cold                   Conjuration/Ice              6
   e - Iron Shot                      Conjuration/Earth            6
 M - Sif Muna's Incunabulum of Hurtful Enchantment
   (Sif Muna gifted it to you on level 3 of the Snake Pit)

   Spells                             Type                      Level
   a - Ensorcelled Hibernation        Hexes/Ice                    2
   b - Inner Flame                    Hexes/Fire                   3
   c - Cause Fear                     Hexes                        4
   d - Venom Bolt                     Conjuration/Poison           5
   e - Bolt of Fire                   Conjuration/Fire             6
   f - Glaciate                       Conjuration/Ice              9
Miscellaneous
 r - a box of beasts
 G - a box of beasts {used: 2}
Comestibles
 n - 3 fruits
 N - 6 beef jerkies
 O - 3 slices of pizza


   Skills:
 - Level 3.1 Armour
 * Level 13.7 Dodging
 - Level 8.5 Stealth
 - Level 6.7 Shields
 + Level 12.7 Spellcasting
 * Level 11.9 Conjurations
 - Level 10.0 Hexes
 + Level 11.9 Charms
 + Level 8.6 Summonings
   Level 2.3 Necromancy
 - Level 7.0 Translocations
 + Level 9.7 Fire Magic
 * Level 5.9 Ice Magic
 - Level 5.5 Air Magic
   Level 8.2 Poison Magic
 - Level 10.9 Invocations
 - Level 7.0 Evocations


You couldn't memorise any spells.
You knew the following spells:

 Your Spells              Type           Power        Failure   Level  Hunger
a - Magic Dart            Conj           ####         1%          1    None
b - Summon Hydra          Summ           #######...   34%         7    #####..
c - Blink                 Tloc           N/A          1%          2    None
e - Darkness              Hex            #######...   4%          6    ###....
f - Fireball              Conj/Fire      #######...   1%          5    None
p - Deflect Missiles      Chrm/Air       #######...   7%          6    ###....
q - Freezing Cloud        Conj/Ice/Air   #######...   9%          6    ###....
s - Bolt of Cold          Conj/Ice       #######...   6%          6    ###....
x - Swiftness             Chrm/Air       #######.     1%          2    None


Dungeon Overview and Level Annotations

Branches:
Dungeon (14/15)            Temple (1/1) D:6            Lair (8/8) D:9
 Shoals (0/4) Lair:6        Snake (3/4) Lair:3        Slime (0/6) Lair:7
    Orc (2/2) D:9             Elf (0/3) Orc:2        Vaults (0/5) D:13

Altars:
Ashenzari
Cheibriados
Dithmenos
Elyvilon
Fedhas
Gozag
Kikubaaqudgha
Makhleb
Nemelex Xobeh
Okawaru
Pakellas
Qazlal
Ru
Sif Muna
Trog
Vehumet
Xom
Yredelemnul
Zin
The Shining One
Beogh
Jiyva

Shops:
D:9 [   D:11 [   Orc:2 (!}*   Snake:1 (   Snake:2 (

Portals:
Hell: Lair:8
Pandemonium: Orc:2

Annotations:
D:14 1 runed door, exclusion: Roxanne, Roxanne
Snake:3 Vashnia


Innate Abilities, Weirdness & Mutations

You have sharp fingernails.
You have large cloven feet.
You are partially covered in iridescent scales (AC +4).
Your mind is acute. (Int +2)
You are clumsy. (Dex -2)
Armour fits poorly on your strangely shaped body.
You are occasionally teleported next to monsters.
Your spells are a little harder to cast, but a little more powerful.
You expend magic power (3 MP) to strengthen your wands.


Message History

You don't have the energy to cast that spell.
Eat which item? (? for menu, Esc to quit)
You are feeling very hungry.
The shock serpent shoots out a bolt of lightning at you!
You deflect the bolt of electricity!
You feel less protected from missiles. The shock serpent barely misses you.
That snozzcumber tasted truly putrid!
Aiming: Scattershot
Press: ? - help, Shift-Dir - straight line, f/p - shock serpent
Aim: a shock serpent (severely wounded)
The burst of metal fragments hits the shock serpent. x4
The shock serpent is almost dead.
You are near starving!
The shock serpent's electric aura discharges, shocking you!
* * * LOW HITPOINT WARNING * * *
The shock serpent bites you!
* * * LOW HITPOINT WARNING * * *
The shock serpent shocks you!
You die...

##..## ##....## ##......##
##..#.....# ##..##.....##
##..##.......## #..##........)##
###..#S......[...##
####...#..@..........###
###.....#................###
##.....##.............#.....##
##......................##....#
#.........)..............###...
##........................#####.
##...........................####
#...................)..........#.
#.#........#>....................


You could see a shock serpent.

Vanquished Creatures
  Rupert (Lair:4)
  Frances (Snake:2)
  Kirke (Lair:3)
  2 greater nagas
  3 dire elephants (Lair:8)
  10 naga warriors
  5 hydras
  2 anacondas (Snake:2)
  A centaur warrior (D:13)
  An ogre mage (Volcano)
  12 death yaks
  9 orc high priests (Orc:2)
  7 naga sharpshooters
  5 shock serpents
  A sun demon (Orc:2)
  A deep elf knight (D:14)
  Nergalle (Lair:3)
  7 skeletal warriors
  2 naga ritualists
  2 sea snakes (Snake:2)
  9 hill giants
  2 wizards
  A lindwurm (Lair:7)
  5 orc knights (Orc:2)
  7 mana vipers
  6 orc sorcerers (Orc:2)
  4 griffons
  A manticore (Lair:6)
  An ugly thing (D:13)
  5 oklob plants
  A cyclops (D:11)
  3 sixfirhies
  6 salamanders
  5 centaur zombies
  2 guardian serpents (Snake:3)
  12 elephants
  Maurice (D:9)
  2 molten gargoyles (Volcano)
  30 black mambas
  10 naga magi
  A smoke demon (Lair:8)
  18 spiny frogs
  2 orange demons (Lair:8)
  Psyche (D:8)
  2 gargoyles
  A kobold demonologist (D:10)
  13 komodo dragons
  3 rime drakes
  An efreet (D:13)
  3 red devils
  5 ice devils (Lair:8)
  12 trolls
  6 two-headed ogres
  A boulder beetle (Lair:6)
  13 blink frogs
  3 vampires
  73 yaks
  A wraith (D:14)
  A wyvern (D:11)
  2 fire bats (Volcano)
  2 hogs (Snake:1)
  A human (D:7)
  A basilisk (Lair:2)
  2 steam dragons
  2 chaos spawn (Orc:2)
  17 hippogriffs
  Menkaure (D:7)
  3 hungry ghosts
  A mottled dragon (D:12)
  31 nagas
  2 wargs (Orc:2)
  18 water moccasins
  12 porcupines
  41 orc warriors
  8 sky beasts
  5 ice beasts
  6 black bears
  A wasp (D:13)
  An eye of draining (D:11)
  A necrophage (D:9)
  13 ogres
  2 phantoms
  17 wolves
  23 crocodiles
  12 centaurs
  3 big kobolds
  26 giant frogs
  A gnoll sergeant (D:12)
  4 scorpions
  21 killer bees
  8 wights
  4 jellies
  An electric eel (Lair:2)
  7 crimson imps
  3 giant frog zombies
  6 howler monkeys
  A lava snake (Volcano)
  A quasit (D:9)
  28 orc priests
  4 giant frog skeletons
  8 hounds
  2 centaur skeletons
  8 iguanas
  21 orc wizards
  7 worker ants
  A killer bee zombie (D:8)
  27 sheep
  A hound zombie (D:7)
  26 adders
  5 gnolls (D:12)
  A howler monkey skeleton (D:4)
  63 river rats
  2 shadow imps
  An ooze (D:6)
  2 adder skeletons
  6 worms
  A dart slug (D:1)
  6 giant geckos
  129 orcs
  13 bats
  A giant cockroach (D:3)
  7 goblins
  5 hobgoblins
  4 jackals
  22 kobolds
  3 quokkas
  4 ball pythons
  A giant gecko zombie (D:8)
  7 giant newts
  A quokka zombie (D:7)
  16 rats
  6 fungi
  2 plants
  A snaplasher vine (Snake:1)
1100 creatures vanquished.

Vanquished Creatures (collateral kills)
  Aizul (Snake:1)
  Maud (D:12)
  2 anacondas (Snake:2)
  5 death yaks (Lair:8)
  2 shock serpents (Snake:2)
  A naga sharpshooter (Snake:3)
  A sun demon (Lair:8)
  2 salamanders (Snake:2)
  An elephant (Lair:8)
  4 black mambas
  A naga mage (Snake:3)
  A komodo dragon (Lair:8)
  A yak (Lair:1)
  A hog (D:7)
  The ghost of murphy the Shooter, an amateur HEAM (D:4)
  2 nagas
  4 orc warriors
  A wolf (Lair:5)
  A crocodile (Lair:1)
  A wyvern skeleton (D:11)
  A killer bee (D:7)
  3 orc priests
  3 orc wizards
  A sheep (D:7)
  A river rat (Lair:1)
  13 orcs
  A plant (Lair:8)
57 creatures vanquished.

Vanquished Creatures (others)
  A naga sharpshooter (Snake:3)
  A hell hound (Lair:8)
  An orc warrior (Orc:2)
  A centaur (D:13)
  19 fulminant prisms
  23 fungi
  21 plants
  6 snaplasher vines
  212 snaplasher vine segments
285 creatures vanquished.

Grand Total: 1442 creatures vanquished

Notes
Turn   | Place    | Note
--------------------------------------------------------------
     0 | D:1      | Mefis the Deep Elf Wizard began the quest for the Orb.
     0 | D:1      | Reached XP level 1. HP: 10/10 MP: 7/7
   345 | D:1      | Reached XP level 2. HP: 15/15 MP: 4/9
   388 | D:1      | Learned a level 2 spell: Call Imp
   391 | D:1      | Learned a level 2 spell: Blink
   394 | D:1      | Learned a level 2 spell: Repel Missiles
   631 | D:2      | Found a blossoming altar of Fedhas.
   631 | D:2      | Found an opulent altar of Gozag.
   670 | D:2      | Found a glowing golden altar of the Shining One.
   722 | D:2      | Reached skill level 3 in Dodging
  1031 | D:2      | Reached XP level 3. HP: 19/19 MP: 8/11
  1036 | D:2      | Learned a level 3 spell: Mephitic Cloud
  1462 | D:2      | Reached skill level 1 in Poison Magic
  1462 | D:2      | Reached XP level 4. HP: 24/24 MP: 7/12
  2918 | D:4      | Noticed murphy's ghost (amateur HEAM)
  2947 | D:4      | Reached XP level 5. HP: 3/28 MP: 9/14
  3225 | D:4      | Learned a level 3 spell: Conjure Flame
  3285 | D:4      | HP: 1/28 [poisoned by a worker ant]
  3787 | D:4      | Reached skill level 5 in Spellcasting
  3919 | D:4      | Reached skill level 4 in Dodging
  4011 | D:4      | Noticed a phantom
  4025 | D:4      | Killed a phantom
  4025 | D:4      | Reached skill level 1 in Evocations
  4025 | D:4      | Reached XP level 6. HP: 27/32 MP: 3/15
  4252 | D:4      | Killed murphy's ghost
  4252 | D:4      | Reached skill level 1 in Fire Magic
  4423 | D:4      | Found a shadowy altar of Dithmenos.
  4529 | D:4      | Found a deep blue altar of Sif Muna.
  4608 | D:4      | Became a worshipper of Sif Muna the Loreminder
  4629 | D:5      | Entered Level 5 of the Dungeon
  5249 | D:5      | Reached XP level 7. HP: 17/36 MP: 10/17
  5982 | D:5      | Found a bloodstained altar of Trog.
  5986 | D:5      | Reached skill level 5 in Dodging
  6123 | D:6      | Found a staircase to the Ecumenical Temple.
  6132 | Temple   | Entered the Ecumenical Temple
  6982 | D:6      | Reached skill level 1 in Invocations
  7671 | D:7      | Reached skill level 5 in Conjurations
  7671 | D:7      | Reached XP level 8. HP: 38/41 MP: 10/18
  7687 | D:7      | Reached * piety under Sif Muna
  8080 | D:7      | Reached skill level 6 in Dodging
  8249 | D:7      | Reached skill level 5 in Stealth
  8415 | D:7      | Found a sacrificial altar of Ru.
  8493 | D:7      | Noticed Menkaure
  8497 | D:7      | Killed Menkaure
  8775 | D:7      | Reached skill level 5 in Poison Magic
  8778 | D:7      | Reached XP level 9. HP: 35/45 MP: 9/20
  8801 | D:7      | Reached ** piety under Sif Muna
  9305 | D:8      | Reached skill level 7 in Dodging
  9442 | D:8      | Noticed Psyche
  9462 | D:8      | Killed Psyche
 11303 | D:9      | Noticed Maurice
 11383 | D:9      | Noticed a hill giant
 11390 | D:9      | Killed a hill giant
 11390 | D:9      | Reached skill level 8 in Dodging
 11390 | D:9      | Reached XP level 10. HP: 50/50 MP: 11/23
 11720 | D:9      | Reached skill level 5 in Evocations
 11883 | D:9      | Reached *** piety under Sif Muna
 12031 | D:9      | Reached skill level 1 in Armour
 12049 | D:9      | Reached skill level 1 in Shields
 12220 | D:9      | Found a stormy altar of Qazlal.
 12336 | D:9      | Killed Maurice
 13444 | D:9      | Found a roughly hewn altar of Beogh.
 13444 | D:9      | Found a staircase to the Orcish Mines.
 13700 | D:9      | Found Wownauh's Antique Armour Emporium.
 13707 | D:9      | Bought a glowing robe for 23 gold pieces
 13740 | D:9      | Learned a level 2 spell: Slow
 13778 | D:9      | Reached skill level 1 in Hexes
 13778 | D:9      | Reached skill level 5 in Fire Magic
 13931 | D:9      | Reached skill level 9 in Dodging
 13977 | D:9      | Found a staircase to the Lair.
 14163 | Lair:1   | Entered Level 1 of the Lair of Beasts
 14233 | D:10     | Entered Level 10 of the Dungeon
 15239 | D:10     | Reached XP level 11. HP: 54/54 MP: 8/25
 15814 | D:10     | Gained mutation: You are occasionally teleported next to monsters. [mutagenic meat]
 15815 | D:10     | Gained mutation: Your magical capacity is low (-10% MP). [mutagenic meat]
 15816 | D:10     | Gained mutation: You are partially covered in iridescent scales (AC +4). [mutagenic meat]
 15817 | D:10     | Gained mutation: You are resistant to hostile enchantments. [mutagenic meat]
 15818 | D:10     | Gained mutation: You are dopey. (Int -2) [mutagenic meat]
 16487 | D:11     | Noticed a hill giant
 16523 | D:11     | Killed a hill giant
 17167 | D:11     | Reached skill level 5 in Invocations
 17220 | D:11     | Found Zuqoal's Armour Boutique.
 17268 | D:11     | Noticed a skeletal warrior
 17277 | D:11     | Noticed a skeletal warrior
 18230 | Lair:1   | Reached **** piety under Sif Muna
 19298 | D:9      | Gained mutation: You expend magic power (3 MP) to strengthen your wands. [mutagenic meat]
 19299 | D:9      | Gained mutation: Your muscles are strong. (Str +2) [mutagenic meat]
 20138 | Lair:1   | Found a glowing golden altar of the Shining One.
 20138 | Lair:1   | Noticed an oklob plant
 21060 | Lair:2   | Noticed a five-headed hydra
 21314 | Lair:2   | Reached ***** piety under Sif Muna
 21544 | Lair:1   | Reached skill level 5 in Hexes
 21790 | Lair:1   | Reached XP level 12. HP: 59/59 MP: 7/24
 22288 | Lair:1   | Killed a five-headed hydra
 22872 | Lair:2   | Reached skill level 5 in Shields
 23431 | Lair:2   | Reached skill level 1 in Charms
 23854 | Lair:3   | Found a staircase to the Snake Pit.
 24368 | Lair:3   | Noticed Nergalle
 24449 | Lair:3   | Killed Nergalle
 25166 | Lair:4   | Noticed a seven-headed hydra
 25201 | Lair:4   | Found a dark tunnel.
 25207 | Volcano  | Entered a volcano
 25692 | Volcano  | Found a bloodstained altar of Trog.
 25692 | Volcano  | Noticed an ogre mage
 25695 | Volcano  | Killed an ogre mage
 27048 | Lair:4   | Noticed Rupert
 27350 | Lair:5   | Reached ****** piety under Sif Muna
 27350 | Lair:5   | Received a gift from Sif Muna
 27429 | Lair:5   | Learned a level 5 spell: Iskenderun's Battlesphere
 27446 | Lair:5   | Learned a level 4 spell: Fulminant Prism
 27451 | Lair:5   | Learned a level 4 spell: Iskenderun's Mystic Blast
 27454 | Lair:5   | Learned a level 2 spell: Searing Ray
 27545 | Lair:4   | Reached skill level 10 in Dodging
 27552 | Lair:4   | Killed a seven-headed hydra
 27847 | Lair:3   | Reached skill level 10 in Spellcasting
 27950 | Lair:4   | Reached skill level 5 in Charms
 28081 | Lair:4   | Reached XP level 13. HP: 63/63 MP: 19/26
 29033 | Lair:4   | Killed Rupert
 29138 | Lair:4   | Found a shattered altar of Ashenzari.
 31209 | Lair:6   | Found a staircase to the Shoals.
 32068 | Lair:6   | Got a jewelled quarterstaff
 32079 | Lair:5   | Identified the +1 quarterstaff of the World {holy, Str-5 Int+5 Dex+3} (You found it on level 6 of the Lair of Beasts)
 32103 | Lair:6   | You fall through a shaft for 2 floors!
 32103 | Lair:8   | Entered Level 8 of the Lair of Beasts
 32103 | Lair:8   | Noticed a dire elephant
 32488 | Lair:6   | Received a gift from Sif Muna
 32493 | Lair:6   | Identified Sif Muna's Compendium of the Gravedigger (Sif Muna gifted it to you on level 6 of the Lair of Beasts)
 32650 | Lair:5   | Learned a level 2 spell: Swiftness
 32658 | Lair:5   | Learned a level 5 spell: Fireball
 33760 | D:10     | Identified Sif Muna's Handbook of Boosting Feathers
 34384 | D:11     | Found an opulent altar of Gozag.
 34831 | D:10     | Reached skill level 11 in Dodging
 34980 | D:10     | Learned a level 5 spell: Summon Forest
 35587 | D:12     | Reached XP level 14. HP: 68/68 MP: 20/27
 37007 | D:12     | Noticed Maud
 37027 | D:12     | Killed Maud
 39444 | D:13     | Gained mutation: You are very dopey. (Int -4) [mutagenic meat]
 40621 | D:13     | Reached skill level 5 in Summonings
 41794 | D:13     | Found a gate to the Vaults.
 42131 | D:14     | Noticed Roxanne
 42312 | D:14     | Found a runed door.
 42409 | D:14     | Noticed a sphinx
 42484 | D:13     | Reached skill level 5 in Translocations
 42614 | Lair:1   | Lost mutation: Your muscles are strong. (Str +2) [potion of cure mutation]
 42614 | Lair:1   | Lost mutation: You expend magic power (3 MP) to strengthen your wands. [potion of cure mutation]
 42981 | Lair:7   | Received a gift from Sif Muna
 42982 | Lair:7   | Identified Sif Muna's Almanac of Hurtful Hexes (Sif Muna gifted it to you on level 7 of the Lair of Beasts)
 43103 | Lair:7   | Found a staircase to the Slime Pits.
 43103 | Lair:7   | Found a viscous altar of Jiyva.
 44555 | Lair:7   | Found a blossoming altar of Fedhas.
 44577 | Lair:7   | HP: 1/68 [death yak (19)]
 45218 | Lair:7   | Reached skill level 10 in Conjurations
 45290 | Lair:7   | Reached XP level 15. HP: 51/72 MP: 15/29
 45358 | Lair:7   | Reached skill level 10 in Charms
 45542 | Lair:7   | Learned a level 6 spell: Invisibility
 45610 | Lair:8   | Reached skill level 10 in Invocations
 46971 | Lair:8   | Found a burning altar of Makhleb.
 46971 | Lair:8   | Found a gateway to Hell.
 47102 | Lair:8   | Reached skill level 1 in Air Magic
 47724 | Lair:8   | Received a gift from Sif Muna
 47847 | Lair:8   | Learned a level 2 spell: Shroud of Golubria
 48026 | Lair:8   | Reached skill level 12 in Dodging
 49191 | Orc:1    | Entered Level 1 of the Orcish Mines
 49314 | Orc:2    | Entered Level 2 of the Orcish Mines
 49664 | Orc:2    | Found a staircase to the Elven Halls.
 50319 | Orc:2    | Found Miles's Distillery.
 50326 | Orc:2    | Found Goliet's General Store.
 50574 | Orc:2    | Bought a scroll of identify for 26 gold pieces
 50576 | Orc:2    | Bought a potion of cure mutation for 325 gold pieces
 50576 | Orc:2    | Lost mutation: Your magical capacity is low (-10% MP). [potion of cure mutation]
 50576 | Orc:2    | Lost mutation: You are resistant to hostile enchantments. [potion of cure mutation]
 50576 | Orc:2    | Lost mutation: You are very dopey. (Int -4) [potion of cure mutation]
 50576 | Orc:2    | Lost mutation: You are dopey. (Int -2) [potion of cure mutation]
 50577 | Orc:2    | Bought a potion of mutation for 32 gold pieces
 50577 | Orc:2    | Gained mutation: Your spells are a little harder to cast, but a little more powerful. [potion of mutation]
 50577 | Orc:2    | Gained mutation: You have large cloven feet. [potion of mutation]
 50577 | Orc:2    | Gained mutation: Armour fits poorly on your strangely shaped body. [potion of mutation]
 50578 | Orc:2    | Bought a potion of brilliance for 52 gold pieces
 50578 | Orc:2    | Bought a potion of brilliance for 52 gold pieces
 50578 | Orc:2    | Bought a potion of degeneration for 13 gold pieces
 50578 | Orc:2    | Bought a potion of heal wounds for 65 gold pieces
 50578 | Orc:2    | Bought a potion of curing for 39 gold pieces
 50578 | Orc:2    | Bought a potion of heal wounds for 65 gold pieces
 50578 | Orc:2    | Bought a potion of curing for 39 gold pieces
 50769 | Orc:2    | Found a burning altar of Makhleb.
 50810 | Orc:2    | Found a runed door.
 51990 | Orc:2    | Reached skill level 10 in Hexes
 52105 | Orc:2    | Found Dufroypp's Gadget Shoppe.
 52105 | Orc:2    | Found Eliwk's Antique Weapon Emporium.
 52105 | Orc:2    | Found a one-way gate leading to the halls of Pandemonium.
 52184 | Orc:2    | Bought a smoking hand crossbow for 255 gold pieces
 52184 | Orc:2    | Identified the cursed +1 hand crossbow of the Madman {freeze, *Contam Fragile Dex+8 SInv} (You bought it in a shop on level 2 of the Orcish Mines)
 52187 | Orc:2    | Bought a smoking rapier for 270 gold pieces
 52187 | Orc:2    | Identified the +1 rapier "Josophy" {pierce, rC++} (You bought it in a shop on level 2 of the Orcish Mines)
 52278 | Orc:2    | Learned a level 6 spell: Freezing Cloud
 52287 | Orc:2    | Reached XP level 16. HP: 76/76 MP: 13/33
 52469 | Orc:2    | Found a roughly hewn altar of Beogh.
 53080 | Orc:1    | Reached skill level 1 in Ice Magic
 53336 | Orc:2    | Bought a bread ration for 65 gold pieces
 53336 | Orc:2    | Bought a scroll of teleportation for 39 gold pieces
 53336 | Orc:2    | Bought a scroll of acquirement for 676 gold pieces
 53336 | Orc:2    | Bought 4 fruits for 78 gold pieces
 53344 | Orc:2    | Got a faintly glowing tin amulet
 53346 | Orc:2    | Identified the amulet "Beggin" {Harm *Drain Int+3} (You acquired it on level 2 of the Orcish Mines)
 53506 | Lair:1   | Learned a level 6 spell: Deflect Missiles
 53735 | Snake:1  | Entered Level 1 of the Snake Pit
 53854 | Snake:1  | Found Huutruji's Antique Weapon Boutique.
 53957 | Snake:1  | Noticed Kirke
 54475 | Lair:3   | Killed Kirke
 55278 | Snake:1  | Noticed Aizul
 55435 | Snake:1  | Killed Aizul
 55475 | Snake:1  | Gained mutation: You expend magic power (3 MP) to strengthen your wands. [mutagenic meat]
 55476 | Snake:1  | Gained mutation: You have sharp fingernails. [mutagenic meat]
 56048 | Snake:1  | Reached skill level 13 in Dodging
 56664 | Lair:3   | Learned a level 4 spell: Animate Dead
 56829 | Snake:2  | Found Moesche's Weapon Boutique.
 56942 | Snake:2  | Received a gift from Sif Muna
 56943 | Snake:2  | Identified Sif Muna's Handbook of Damaging Heat (Sif Muna gifted it to you on level 2 of the Snake Pit)
 57083 | Snake:2  | Noticed Frances
 57097 | Snake:2  | Killed Frances
 57508 | Snake:2  | Reached skill level 1 in Necromancy
 57558 | Snake:2  | Reached skill level 5 in Air Magic
 58254 | Snake:2  | Reached skill level 5 in Ice Magic
 58669 | Snake:2  | Found an opulent altar of Gozag.
 59047 | Snake:3  | Noticed Vashnia
 59570 | Snake:3  | Reached XP level 17. HP: 80/80 MP: 10/35
 60117 | Snake:3  | Received a gift from Sif Muna
 60118 | Snake:3  | Identified Sif Muna's Incunabulum of Hurtful Enchantment (Sif Muna gifted it to you on level 3 of the Snake Pit)
 60175 | Lair:3   | Learned a level 6 spell: Bolt of Cold
 60184 | Lair:3   | Learned a level 7 spell: Summon Hydra
 60192 | Lair:3   | Learned a level 6 spell: Darkness
 60729 | Snake:3  | Gained mutation: Your mind is acute. (Int +2) [mutagenic meat]
 60730 | Snake:3  | Gained mutation: You are clumsy. (Dex -2) [mutagenic meat]
 60839 | Snake:2  | Mangled by a shock serpent

Skill      XL: |  1  2  3  4  5  6  7  8  9 10 11 12 13 14 15 16 |
---------------+-------------------------------------------------+-----
Dodging        | 3 4 5 6 8 9 10 11 12 13 | 13.7
Stealth        | 3 4 5 6 7 8 |  8.5
Conjurations   | 2 3 4 5 6 7 8 9 10 11 | 11.9
Poison Magic   | 1 2 3 5 6 7 8 |  8.2
Spellcasting   | 5 6 7 8 9 10 11 12 | 12.7
Evocations     | 1 2 3 4 5 6 7 |  7.0
Fire Magic     | 1 2 3 4 5 6 7 8 9 |  9.7
Invocations    | 1 2 3 4 5 6 8 9 10 | 10.9
Armour         | 2 3 |  3.1
Shields        | 2 4 5 6 |  6.7
Hexes          | 1 5 7 8 9 10 | 10.0
Charms         | 5 8 9 11 | 11.9
Translocations | 2 3 5 7 |  7.0
Summonings     | 2 6 7 8 |  8.6
Air Magic      | 3 5 |  5.5
Ice Magic      | 5 |  5.9
Necromancy     | 2 |  2.3

Action                   |  1- 3 |  4- 6 |  7- 9 | 10-12 | 13-15 | 16-18 || total
-------------------------+-------+-------+-------+-------+-------+-------++-------
Melee: Unarmed           |     2 |       |       |       |       |       ||     2
       Dagger            |     1 |    23 |       |       |       |       ||    24
       Short sword       |       |       |     2 |       |       |       ||     2
       Trident           |       |       |       |   246 |    12 |       ||   258
       Staff             |       |       |       |       |     4 |       ||     4
 Fire: Blowgun           |       |       |     6 |   147 |     3 |       ||   156
       Hunting sling     |       |       |       |     4 |       |       ||     4
Throw: Tomahawk          |       |       |     1 |     5 |       |       ||     6
       Stone             |       |       |     1 |       |       |       ||     1
 Cast: Magic Dart        |    74 |   178 |   308 |  1049 |  1127 |   295 ||  3031
       Call Imp          |       |     4 |     5 |    61 |       |       ||    70
       Mephitic Cloud    |       |       |    26 |    84 |    68 |     1 ||   179
       Conjure Flame     |       |       |     8 |    39 |     2 |       ||    49
       Repel Missiles    |       |       |     2 |     2 |     2 |       ||     6
       Slow              |       |       |       |    32 |     8 |       ||    40
       Blink             |       |       |       |    15 |    24 |     2 ||    41
       Iskenderun's Myst |       |       |       |    18 |    45 |       ||    63
       Iskenderun's Batt |       |       |       |     1 |   192 |    64 ||   257
       Fulminant Prism   |       |       |       |     1 |    18 |       ||    19
       Fireball          |       |       |       |       |   227 |    59 ||   286
       Swiftness         |       |       |       |       |    11 |     6 ||    17
       Summon Forest     |       |       |       |       |    11 |     4 ||    15
       Invisibility      |       |       |       |       |     8 |     1 ||     9
       Shroud of Golubri |       |       |       |       |     3 |       ||     3
       Freezing Cloud    |       |       |       |       |       |    30 ||    30
       Animate Dead      |       |       |       |       |       |    14 ||    14
       Deflect Missiles  |       |       |       |       |       |     4 ||     4
       Bolt of Cold      |       |       |       |       |       |    18 ||    18
       Darkness          |       |       |       |       |       |     2 ||     2
Invok: Channel Energy    |       |       |       |     4 |   179 |    51 ||   234
       Forget Spell      |       |       |       |       |     7 |     5 ||    12
Evoke: Rod               |       |     7 |    22 |    61 |     2 |     4 ||    96
       Wand              |       |       |       |     4 |     4 |       ||     8
       Box of beasts     |       |       |       |       |     1 |     1 ||     2
  Use: Potion            |       |     1 |       |     1 |     8 |     3 ||    13
       Scroll            |       |       |     4 |    16 |    13 |    12 ||    45
 Stab: Sleeping          |     1 |     2 |     2 |       |     1 |       ||     6
       Confused          |       |       |       |     2 |       |       ||     2
       Distracted        |       |       |       |     2 |       |       ||     2
  Eat: Chunk             |     1 |    10 |    25 |    68 |    80 |    21 ||   205
       Bread ration      |       |     1 |       |     3 |     6 |     2 ||    12
       Meat ration       |       |       |     1 |     2 |     2 |     2 ||     7
       Pizza             |       |       |       |     4 |     4 |     1 ||     9
       Fruit             |       |       |       |       |    22 |    15 ||    37
Armor: Robe              |     2 |     4 |    10 |       |     6 |    22 ||    44
       Troll leather arm |       |       |       |   137 |   130 |     2 ||   269
Dodge: Dodged            |    13 |    56 |    79 |   307 |   305 |    96 ||   856
       Deflected         |       |       |     2 |     3 |     7 |    41 ||    53
Block: Shield            |       |       |       |   134 |    33 |       ||   167
       Buckler           |       |       |       |       |   163 |    75 ||   238
       Other             |       |       |       |       |     8 |       ||     8
       Reflection        |       |       |       |       |    12 |    10 ||    22
